 Dungeon Crawl Stone Soup version 0.32-a0-136-gc02482bde3 (webtiles) character file.

Game seed: 11059466153932742155

474 anacleto the Shooter (level 7, 0/41 HPs)
             Began as a Tengu Hunter on Feb 11, 2024.
             Slain by a hornet (9 damage)
             ... on level 4 of the Dungeon.
             The game lasted 00:11:39 (3470 turns).

anacleto the Shooter (Tengu Hunter)                 Turns: 3470, Time: 00:11:40

Health: 0/41       AC:  5    Str: 11    XL:     7   Next: 10%
Magic:  8/8        EV: 17    Int:  9    God:
Gold:   45         SH:  0    Dex: 20    Spells: 6/6 levels left

rFire   . . .        a - +2 dagger (flame)
rCold   . . .        (no shield)
rNeg    . . .        c - +0 leather armour
rPois   .            (helmet restricted)
rElec   .            (no cloak)
rCorr   .            k - +1 pair of gloves
SInv    .            (boots unavailable)
Will    .....        n - amulet of regeneration
Stlth   ++           (no ring)
HPRegen 1.06/turn    (no ring)
MPRegen 0.11/turn

%: acrobat
@: lethally poisoned (0 -> -2), flying, slowed, very slow
A: beak, talons 3, evasive flight, acrobatic
a: no special abilities


You were on level 4 of the Dungeon.
You visited 1 branch of the dungeon, and saw 5 of its levels.

You collected 170 gold pieces.
You spent 125 gold pieces at shops.

Inventory:

Hand Weapons
 a - a +2 dagger of flaming (weapon)
 b - a +0 shortbow
Armour
 c - a +0 leather armour (worn)
 k - a +1 pair of gloves (worn)
Jewellery
 n - an amulet of regeneration (around neck)
Wands
 q - a wand of digging (2)
 t - a wand of mindburst (14)
 u - a wand of flame (16)
Scrolls
 d - 2 scrolls of enchant armour
 e - a scroll of butterflies
 g - a scroll of immolation {unknown}
 h - a scroll of fear {unknown}
 i - 4 scrolls of teleportation {unknown}
 m - a scroll of vulnerability {unknown}
 o - a scroll of blinking
 p - a scroll of poison {unknown}
 w - a scroll of revelation {unknown}
 y - a scroll of noise {unknown}
Potions
 f - 3 potions of brilliance
 j - 4 potions of curing
 l - 2 potions of degeneration {unknown}
 r - a potion of resistance {unknown}
 s - 2 potions of mutation {unknown}
 v - a potion of lignification {unknown}
 x - a potion of attraction {unknown}


   Skills:
 + Level 3.4 Fighting
 + Level 2.7 Short Blades
 * Level 6.4 Ranged Weapons
 + Level 3.7 Dodging
 + Level 3.2 Stealth


You had 6 spell levels left.
You didn't know any spells.
Your spell library contained the following spells:

 Spells                   Type           Power      Damage    Failure   Level
 Necrotise                Necr           0%         1d4       47%         1
 Ensorcelled Hibernation  Hex/Ice        0%         N/A       63%         2
 Lesser Beckoning         Tloc           0%         N/A       63%         2
 Gell's Gravitas          Tloc           0%         N/A       85%         3
 Passwall                 Erth           0%         N/A       85%         3
 Swiftness                Air            0%         N/A       85%         3
 Teleport Other           Tloc           0%         N/A       85%         3
 Tukima's Dance           Hex            0%         N/A       85%         3
 Vampiric Draining        Necr           0%         2d6       85%         3
 Martyr's Knell           Necr/Summ      0%         N/A       99%         4
 Passage of Golubria      Tloc           0%         N/A       99%         4
 Vhi's Electric Charge    Tloc/Air       0%         N/A       99%         4
 Arcjolt                  Conj/Air       0%         1d10      100%        5
 Curse of Agony           Necr           0%         N/A       100%        5
 Yara's Violent Unravell  Hex/Alch       0%         3d3       100%        5
 Maxwell's Capacitive Co  Air            0%         ∞         100%        8


Dungeon Overview and Level Annotations

Branches:
Dungeon (5/15)
 Temple: D:4-7

Altars:
Cheibriados
Elyvilon

Shops:
D:3 *   D:4 *


Innate Abilities, Weirdness & Mutations

You have a beak for a mouth.
You have claws for feet.
Your magical flight helps you evade attacks. (EV +4)
You can magically evade attacks while moving or waiting.


Message History

You feel yourself slow down.
Your +2 dagger of flaming bursts into flame!
a - a +2 dagger of flaming (weapon)
You feel very sick. The hornet closely misses you.
You barely miss the hornet. You claw the hornet.
The hornet is moderately wounded.
You feel yourself speed up.
You feel very sick. The hornet stings you.
You feel yourself slow down. The hornet misses you.
You miss the hornet. Your peck misses the hornet.
The hornet is moderately wounded.
You feel sick. The hornet barely misses you. The hornet closely misses you.
Unknown command.
You hit the hornet but do no damage. You claw the hornet, but do no damage.
The hornet is moderately wounded.
You feel sick. The hornet stings you.
You feel as though you will be slow longer.
The hornet stings you!
You are more poisoned.
You feel as though you will be slow longer.
You completely miss the hornet. You claw the hornet, but do no damage.
You peck the hornet, but do no damage.
The hornet is moderately wounded.
You feel very sick. The hornet stings you.
You feel as though you will be slow longer.
Unknown command.
You hit the hornet but do no damage. You claw the hornet.
Your punch misses the hornet.
The hornet is moderately wounded.
You feel very sick. The hornet misses you.
The hornet stings you but does no damage.
Unknown command.
You barely miss the hornet. Your kick misses the hornet.
You peck the hornet, but do no damage. Your punch misses the hornet.
The hornet is moderately wounded.
You feel sick. The hornet stings you!
You die...

............#.....#...........###
............#.....#..............
............#.....#......§.......
............#.....#.............)
....##......#.....###'#####...##)
....##......##............#...##'
.............#............#......
.............#...y........#...)..
......>......#..@.........#......
....#######..#............###'##.
....##...##..#########'#.......##
....##..........+......#.........
....##..........#......#.........
....+...........#......#.........
....#...........#......#.........
....##...###...######..#..<......
....##...###...##..##..###'######


You could see a hornet.

Vanquished Creatures
  2 bombardier beetles
  A hound (D:3)
  A jelly (D:5)
  3 sleepcaps
  An iguana (D:4)
  An orc wizard (D:4)
  6 gnolls (D:4)
  7 adders
  3 dart slugs
  A ribbon worm (D:5)
  8 orcs
  5 ball pythons
  5 bats
  8 endoplasms
  3 giant cockroaches (D:1)
  8 goblins
  6 hobgoblins
  7 kobolds
  4 quokkas
  A frilled lizard (D:1)
  3 rats
84 creatures vanquished.

Notes
Turn   | Place    | Note
-------+----------+-------------------------------------------
     0 | D:1      | anacleto the Tengu Hunter began the quest for the Orb.
     0 | D:1      | Reached XP level 1. HP: 12/12 MP: 2/2
   161 | D:1      | Reached XP level 2. HP: 11/17 MP: 3/3
   548 | D:1      | Reached XP level 3. HP: 21/21 MP: 4/4
   792 | D:2      | Found a faded altar of an unknown god.
  1072 | D:2      | Reached skill level 5 in Ranged Weapons
  1374 | D:2      | Reached skill level 1 in Short Blades
  1374 | D:2      | Reached XP level 4. HP: 26/27 MP: 5/5
  1501 | D:3      | Found Qutoce's General Store.
  1509 | D:3      | Bought a scroll of blinking for 105 gold pieces
  1529 | D:3      | Found a white marble altar of Elyvilon.
  1745 | D:3      | Reached XP level 5. HP: 31/31 MP: 6/6
  2572 | D:4      | Reached XP level 6. HP: 22/37 MP: 7/7
  2763 | D:4      | Identified the +0 robe of Isiu {+Blink rPois rN+}
  2783 | D:4      | Reached skill level 6 in Ranged Weapons
  3124 | D:4      | Found Lunwodush's General Store.
  3127 | D:4      | Bought a scroll of identify for 20 gold pieces
  3213 | D:5      | Entered Level 5 of the Dungeon
  3275 | D:5      | Gained mutation: Your magical flight helps you evade
                  | attacks. (EV +4) [Tengu growth]
  3275 | D:5      | Reached XP level 7. HP: 41/41 MP: 8/8
  3328 | D:5      | Found a snail-covered altar of Cheibriados.
  3450 | D:5      | Noticed a hornet
  3470 | D:4      | Slain by a hornet

Illustrated notes

Levels and vault maps discovered:
D:1:      minmay_arrival_widening_spiral_wide, layout_loops_cross
D:2:      layout_loops_cross, shapermc_ecumenical_altar_flowoftime
D:3:      layout_basic, nicolae_elyvilon_peaceful_grove, serial_shops,
          nicolae_shop_statue_plus, nicolae_half_adder
D:4:      minmay_chambers_of_twos, layout_gridville, serial_shops,
          nicolae_shop_real_fake_doors
D:5:      layout_gridville, lemuel_doored_altar,
          nicolae_qazlal_style_of_elements, uniq_grinder

Skill      XL: |  1  2  3  4  5  6 |
---------------+-------------------+-----
Ranged Weapons | 5 6 |  6.4
Short Blades   | 1 2 |  2.7
Stealth        | 2 3 |  3.2
Dodging        | 3 |  3.7
Fighting       | 3 |  3.4

Action                     |  1- 3 |  4- 6 |  7- 9 || total
---------------------------+-------+-------+-------++-------
  Melee: Dagger            |     2 |    45 |     7 ||    54
         Peck              |       |    11 |     2 ||    13
         Kick              |       |    12 |     4 ||    16
         Punch             |       |     4 |       ||     4
   Fire: Shortbow          |   101 |   126 |    23 ||   250
  Evoke: Wand              |       |       |     1 ||     1
    Use: Scroll            |       |     3 |     1 ||     4
   Stab: Sleeping          |       |     1 |       ||     1
 Armour: Leather armour    |    18 |    43 |    13 ||    74
  Dodge: Dodged            |    42 |    49 |    14 ||   105

Table legend: (Time is in decaauts)
 A = Elapsed time spent in this place.
 B = Non-inter-level travel time spent in this place.
 C = Inter-level travel time spent in this place.
 D = Time resting spent in this place.
 E = Time spent auto-exploring this place.
 F = Levels seen in this place.
 G = Mean time per level.
                   A        B        C        D        E       F      G
               +--------+--------+--------+--------+--------+-----+--------+
         Total |   3500 |   3324 |    176 |     36 |   2628 |   5 |  700.0 |
       Dungeon |   3500 |   3324 |    176 |     36 |   2628 |   5 |  700.0 |
               +--------+--------+--------+--------+--------+-----+--------+

Top non-repeatable levels by time:
     D:3: 1004 daAuts
     D:4: 910 daAuts
     D:1: 780 daAuts
     D:2: 615 daAuts
     D:5: 190 daAuts
